 Dungeon Crawl Stone Soup version 0.29-a0-214-g17f627cfee (webtiles) character file.

Game seed: 10917248217376226492

116071 esteth the Crack Shot (level 16, -1/88 HPs)
             Began as a Spriggan Hunter on Feb 24, 2022.
             Was an Initiate of Gozag.
             Shot with an arrow by a centaur warrior (26 damage)
             ... on level 2 of the Shoals.
             The game lasted 00:51:44 (27959 turns).

esteth the Crack Shot (Spriggan Hunter)            Turns: 27959, Time: 00:51:45

Health: -1/88      AC:  6    Str:  8    XL:     16   Next: 20%
Magic:  17/17      EV: 42    Int: 13    God:    Gozag
Gold:   6493       SH:  0    Dex: 29    Spells: 12/15 levels left

rFire   + . .      SeeInvis +   b - +4 shortbow (flame)
rCold   + . .      Faith    .   (shield currently unavailable)
rNeg    . . .      Spirit   .   s - +1 robe {rC+ rF+}
rPois   .          Reflect  .   (helmet restricted)
rElec   .          Harm     .   K - +2 cloak {Will+}
rCorr   .          Rampage  .   (gloves unavailable)
Will    +++..                   (boots unavailable)
Stlth   +++.......              A - amulet of the acrobat
HPRegen 0.24/turn               D - +6 ring of dexterity
MPRegen 0.15/turn               Y - +4 ring of slaying

@: gold aura, very quick
A: very small, no large weapons, unfitting armour, see invisible, speed 3
a: Renounce Religion, Potion Petition, Call Merchant, Bribe Branch


You were on level 2 of the Shoals.
You worshipped Gozag.
Gozag was greatly pleased with you.
You visited 3 branches of the dungeon, and saw 23 of its levels.

You collected 7910 gold pieces.
You spent 684 gold pieces at shops.
You paid 733 gold pieces to Gozag.


Innate Abilities, Weirdness & Mutations

You are very small and have problems with some larger weapons.
You are too small for most types of armour.
You have supernaturally acute eyesight. (SInv)
You cover ground extremely quickly. (Speed+++)


   Skills:
 - Level 12.1 Fighting
 + Level 23.7 Bows
 + Level 18.5 Dodging
 - Level 1.5 Stealth
 - Level 7.0 Hexes
 - Level 8.3 Translocations


You had 12 spell levels left.
You knew the following spells:

 Your Spells              Type           Power      Damage    Failure   Level
p - Portal Projectile     Hex/Tloc       40%        N/A       4%          3

Your spell library contained the following spells:

 Spells                   Type           Power      Damage    Failure   Level
 Slow                     Hex            72%        N/A       1%          1
 Confusing Touch          Hex            18%        N/A       5%          3
 Ensorcelled Hibernation  Hex/Ice        18%        N/A       11%         2
 Dazzling Flash           Conj/Hex       18%        N/A       22%         3
 Beastly Appendage        Tmut           0%         N/A       30%         1
 Freeze                   Ice            0%         1d3       30%         1
 Magic Dart               Conj           0%         1d3       30%         1
 Call Imp                 Summ           0%         N/A       43%         2
 Corpse Rot               Necr/Air       0%         N/A       43%         2
 Poisonous Vapours        Pois/Air       0%         N/A       43%         2
 Scorch                   Fire           0%         2d5       43%         2
 Sublimation of Blood     Necr           0%         N/A       43%         2
 Wereblood                Tmut           0%         N/A       43%         2
 Anguish                  Hex/Necr       4%         N/A       58%         4
 Leda's Liquefaction      Hex/Erth       4%         N/A       58%         4
 Call Canine Familiar     Summ           0%         N/A       67%         3
 Mephitic Cloud           Conj/Pois/Air  0%         N/A       67%         3
 Spider Form              Tmut/Pois      0%         N/A       67%         3
 Vampiric Draining        Necr           0%         2d6       67%         3
 Summon Forest            Summ/Tloc      5%         N/A       83%         5
 Silence                  Hex/Air        4%         N/A       90%         5
 Flame Wave               Conj/Fire      0%         2d4       97%         4
 Agony                    Necr           0%         N/A       100%        5
 Eringya's Noxious Bog    Tmut/Pois      0%         N/A       100%        6
 Simulacrum               Ice/Necr       0%         N/A       100%        6
 Statue Form              Tmut/Erth      0%         N/A       100%        6
 Summon Cactus Giant      Summ           0%         N/A       100%        6
 Summon Hydra             Summ           0%         N/A       100%        7

Inventory:

Hand Weapons
 a - a +1 shortbow
 b - a +4 shortbow of flaming (weapon)
   (You took it off a centaur on level 8 of the Dungeon)
 H - the +7 war axe of a Labyrinth {drain, Drain rPois rF+++ Stlth+}
   (You found it on level 6 of the Dungeon)

   A truly terrible weapon, it drains the life of any living foe it strikes.
   rF:        It renders you almost immune to fire.
   rPois:     It protects you from poison.
   Drain:     It drains your maximum health when unequipped.
   Stlth:     It makes you more stealthy.
Missiles
 d - 147 stones
 j - 47 poisoned darts
 l - 7 curare-tipped darts {=f}
 v - 3 throwing nets {=f!f}
 R - 3 boomerangs
Armour
 s - a +1 robe of resistance (worn)
   (You took it off Psyche on level 8 of the Dungeon)
 K - a +2 cloak of willpower (worn)
   (You bought it in a shop on level 10 of the Dungeon)
Jewellery
 A - an amulet of the acrobat (around neck)
   (You took it off a kobold brigand on level 8 of the Dungeon)
 D - a +6 ring of dexterity (left hand)
   (You found it on level 8 of the Dungeon)
 T - an amulet of faith {!P}
   (You found it on level 6 of the Lair of Beasts)
 Y - a +4 ring of slaying (right hand)
   (You found it on level 2 of the Dungeon)
 Z - the ring of Qenizain {rElec rPois rC- EV+4 Str+4 Int+3}
   (You took it off a merfolk siren on level 1 of the Shoals)

   [ring of evasion]

   EV:        It affects your evasion (+4).
   Str:       It affects your strength (+4).
   Int:       It affects your intelligence (+3).
   rC:        It makes you vulnerable to cold.
   rElec:     It insulates you from electricity.
   rPois:     It protects you from poison.
Wands
 i - a wand of acid (4)
   (You found it on level 4 of the Lair of Beasts)
 q - a wand of polymorph (16)
   (You took it off Robin on level 2 of the Dungeon)
 x - a wand of iceblast (2)
   (You found it on level 2 of the Lair of Beasts)
 L - a wand of mindburst (5)
   (You found it on level 10 of the Dungeon)
 S - a wand of paralysis (5)
   (You found it on level 1 of the Shoals)
 V - a wand of charming (22)
   (You took it off a kobold brigand on level 7 of the Dungeon)
 X - a wand of flame (16)
   (You found it on level 8 of the Dungeon)
Scrolls
 e - 2 scrolls of amnesia
 f - 7 scrolls of blinking {!r}
 n - 6 scrolls of teleportation {@r4}
 t - 2 scrolls of vulnerability {!r!r}
 u - 8 scrolls of enchant armour
 z - 4 scrolls of fear
 E - 2 scrolls of immolation {!r!r}
 F - 2 scrolls of holy word
 I - 4 scrolls of noise {!r}
 O - a scroll of enchant weapon
 P - 8 scrolls of identify {@r1}
 U - 2 scrolls of silence {!r}
 W - a scroll of torment {unknown}
Potions
 g - 2 potions of invisibility {unknown}
 h - 8 potions of lignification {unknown}
 k - 2 potions of cancellation {unknown}
 m - 2 potions of berserk rage {unknown}
 o - 3 potions of might {unknown}
 r - 3 potions of brilliance {unknown}
 w - 4 potions of mutation {!q}
 B - a potion of magic {unknown}
 G - 4 potions of attraction {unknown}
 J - 3 potions of flight {unknown}
 N - 3 potions of degeneration {unknown}
Miscellaneous
 c - a phantom mirror
   (You found it on level 13 of the Dungeon)
 y - a box of beasts
   (You found it on level 15 of the Dungeon)
 M - a tin of tremorstones (2/2)
   (You found it on level 11 of the Dungeon)
 Q - a piece from Xom's chessboard (15/15)
   (You found it on level 1 of the Shoals)

Dungeon Overview and Level Annotations

Branches:
Dungeon (15/15)            Temple (0/1) D:5            Lair (6/6) D:8
 Shoals (2/4) Lair:4       Spider (0/4) Lair:4        Slime (0/5) Lair:6
    Orc (0/2) D:10         Vaults (0/5) D:13         Depths (0/4) D:15

Altars:
Gozag
Kikubaaqudgha
Okawaru
Wu Jian
The Shining One

Shops:
D:7 *?(?   D:10 ![([=

Annotations:
D:5 exclusion: downstairs

.≈≈.....≈.....≈
.....≈≈≈≈...c.≈
............≈≈≈
....#.......≈≈≈
≈......m≈≈≈.m≈≈
≈...≈≈.≈≈...c
≈.≈≈≈≈.$$.##.≈≈
≈≈≈≈≈≈.@.m...≈≈
≈≈≈≈≈.$..≈...≈≈
≈≈≈≈≈.....≈..≈≈
≈≈≈≈.......≈.≈≈
≈≈≈≈....≈.≈≈≈≈≈
≈≈≈≈≈........≈≈
≈≈≈≈≈≈...#...≈≈
≈≈≈≈≈≈.......≈c


You could see a merfolk avatar, a merfolk, a centaur warrior, 2 fauns and a
merfolk siren.


Message History

The merfolk avatar chants a haunting song.
You resist.
There is a stone staircase leading up here. 😕 HP[-12]
You take 12 damage, and now have 76/88 hp.
The harpy completely misses you. x2; The harpy misses you.
The harpy barely misses you. The merfolk siren barely misses you.
The faun unwields a +0 spear.
The faun wields a +0 hunting sling.
The faun shoots a sling bullet.
The sling bullet misses you.
The centaur warrior unwields a +0 shortbow.
The centaur warrior completely misses you. x2
The merfolk throws a boomerang.
The boomerang misses you. The harpy claws you but does no damage.
The harpy misses you.
You climb upwards.
The harpy screeches!
There is a stone staircase leading down here. 😕 HP[+1]
You shoot an arrow. The arrow closely misses the harpy.
The harpy claws you. The harpy misses you. 😕 HP[-1]
You take 1 damage, and now have 76/88 hp.
You shoot an arrow. The arrow hits the harpy!!
The arrow burns the harpy.
The harpy misses you. The harpy completely misses you.
You shoot an arrow. The arrow barely misses the harpy.
The harpy misses you. x2
You shoot an arrow.
The arrow hits the harpy but does no damage.
The harpy completely misses you. x2 😕 HP[+1]
You shoot an arrow. The arrow hits the harpy!
The arrow burns the harpy.
You kill the harpy!
You climb downwards.
The merfolk closely misses you.
The merfolk avatar chants a haunting song.
You resist.
The faun shoots a sling bullet.
The sling bullet closely misses you. The merfolk completely misses you.
The merfolk siren chants a haunting song.
You resist.
There is a stone staircase leading up here.
You shoot an arrow. The arrow hits the harpy!
The arrow burns the harpy.
You kill the harpy!
The merfolk barely misses you.
The faun shoots a sling bullet.
The sling bullet misses you.
The merfolk completely misses you. 😕 HP[+1]
You shoot an arrow. The arrow hits the merfolk!
The arrow burns the merfolk.
The centaur warrior wields a +0 shortbow.
The centaur warrior shoots an arrow.
The arrow closely misses you.
The merfolk siren chants a haunting song.
You resist with almost no effort.
The merfolk avatar chants a haunting song.
You resist with almost no effort.
The merfolk is distracted by your dazzling golden aura.
The faun unwields a +0 spear.
The faun wields a +0 hunting sling.
The faun shoots a sling bullet.
The sling bullet completely misses you.
The merfolk shouts!
You shoot an arrow. The arrow hits the merfolk!
The arrow burns the merfolk.
The merfolk is no longer distracted by gold.
The merfolk completely misses you. The merfolk misses you.
The centaur warrior shoots an arrow.
The arrow closely misses you.
The merfolk siren completely misses you.
You shoot an arrow. The arrow hits the merfolk!
The arrow burns the merfolk.
The faun shoots a sling bullet.
The sling bullet misses you.
The sling bullet hits the merfolk!
The merfolk dies!
The faun shoots a sling bullet.
The sling bullet barely misses you.
The centaur warrior shoots an arrow.
The arrow misses you. The merfolk completely misses you.
You shoot an arrow. The arrow hits the faun.
The arrow burns the faun.
The merfolk siren is distracted by your dazzling golden aura.
The centaur warrior shoots an arrow.
The arrow completely misses you.
The faun shoots a sling bullet.
The sling bullet hits you! 😮 HP[-12]
You take 12 damage, and now have 66/88 hp.
You are too injured to fight recklessly!
You are too injured to fight recklessly!
Unknown command.
The merfolk siren is no longer distracted by gold.
The centaur warrior shoots an arrow.
The arrow completely misses you. The merfolk completely misses you.
The merfolk siren closely misses you.
The faun shoots a sling bullet.
The sling bullet completely misses you.
You climb upwards.
There is a stone staircase leading down here. 😕 HP[+1]
You climb downwards.
The centaur warrior shoots an arrow.
The arrow hits you!
The centaur warrior shoots an arrow.
The arrow hits you!!
* * * LOW HITPOINT WARNING * * *
The faun shoots a sling bullet.
The sling bullet misses you.
The merfolk siren chants a haunting song.
You resist.
The faun shoots a sling bullet.
The sling bullet completely misses you.
The centaur warrior shoots an arrow.
The arrow completely misses you.
The merfolk avatar chants a haunting song.
You resist.
There is a stone staircase leading up, spattered with blood here. 😨 HP[-37]
You take 37 damage, and now have 30/88 hp.
MASSIVE DAMAGE!! (PAUSE)
The faun shoots a sling bullet.
The sling bullet hits you.
* * * LOW HITPOINT WARNING * * *
The centaur warrior shoots an arrow.
The arrow hits you!!
You die...
Your body crumbles into a pile of gold.

Skill      XL: |  1  2  3  4  5  6  7  8  9 10 11 12 13 14 15 |
---------------+----------------------------------------------+-----
Bows           | 5 6 7 9 10 12 14 16 18 19 21 23 | 23.7
Dodging        | 9 14 18 | 18.5
Fighting       | 5 8 10 12 | 12.1
Translocations | 8 |  8.3
Hexes          | 7 |  7.0
Stealth        | |  1.5

Action                   |  1- 3 |  4- 6 |  7- 9 | 10-12 | 13-15 | 16-18 || total
-------------------------+-------+-------+-------+-------+-------+-------++-------
 Fire: Shortbow          |   105 |   164 |   306 |   772 |  1534 |   105 ||  2986
 Cast: Portal Projectile |       |       |       |       |     3 |       ||     3
Invok: Potion Petition   |       |       |       |       |       |     2 ||     2
  Use: Scroll            |       |       |     7 |     1 |    13 |       ||    21
       Potion            |       |       |     4 |       |    10 |     2 ||    16
Armor: Robe              |     6 |     2 |     4 |     4 |    15 |     5 ||    36
Dodge: Dodged            |    36 |    22 |    53 |   151 |   377 |   168 ||   807

Levels and vault maps discovered:
D:1:      lemuel_arrival_broad_hall, layout_basic,
          hellmonk_ecumenical_altar_watching_god,
          chequers_serial_rivers_micro_a, corexii_hall_statues_deadend
D:2:      layout_rooms, basic_altar, minivault_5
D:3:      minmay_goblin_kobold_castle, layout_basic, uniq_robin
D:4:      layout_basic, chequers_arboretum
D:5:      layout_loops_ring, minmay_temple_entry_overgrown, minivault_4
D:6:      layout_basic, uniq_menkaure
D:7:      layout_basic, serial_shops, nicolae_shop_stone, shop,
          nicolae_shop_crystal, nicolae_shop_hallway_stairs,
          gammafunk_ghost_nasty_kobolds
D:8:      minmay_imperfect_grid, layout_loops_ring, ebering_ghost_gozag,
          minmay_misc_feat_encased, uniq_psyche, uniq_grum, uniq_harold
D:9:      layout_stronghold, nicolae_kikubaaqudgha_miasma_corner
D:10:     layout_rooms, orc_david_3, serial_shops, shop, kennysheep_mini,
          nicolae_shop_hallway_plus
D:11:     layout_irregular_city, uniq_josephine, uniq_sonja
D:12:     layout_loops_ring, wad_floor_pattern_untrapped, okawaru_gym_becter
D:13:     layout_stronghold, lightli_vaults_fourway_checkpoint,
          gauntlet_entry_generic, minmay_misc_feat_hallway,
          minmay_tree_intersection
D:14:     layout_cave_pools, kennysheep_another_room, tso_oasis_becter
D:15:     grunt_enter_depths_snipers, layout_basic, kennysheep_doodads,
          special_room [special_room_mythical_zoo], minmay_strange_pillars,
          minmay_hollow_rounded_squares
Lair:1:   layout_loops_ring, lemuel_fruit_fields, grunt_megastairs_4,
          lemuel_fruit_tree
Lair:2:   layout_regular_city, basic_altar, wad_woods_river_01
Lair:3:   nzn_winding_woodlands_medium [nzn_winding_woodlands_5x5_cross,
          nzn_winding_woodlands_5x15_cabin, nzn_winding_woodlands_5x5_perimeter,
          nzn_winding_woodlands_hourglass,
          nzn_winding_woodlands_center_pierced_h,
          nzn_winding_woodlands_5x5_default,
          nzn_winding_woodlands_5x5_closed_star,
          nzn_winding_woodlands_5x15_garden, nzn_winding_woodlands_5x5_three],
          layout_gridlike, small_statue_intersection
Lair:4:   layout_regular_city, minmay_shoals_entry_centaurs,
          spider_nest_entry_webs, grunt_megastairs_1, serial_bayou_shore_a,
          infiniplex_staircase_pool_2, uniq_nessos
Lair:5:   layout_roguey, lemuel_fruit_fields, grunt_megastairs_2,
          lemuel_fruit_fields
Lair:6:   evilmike_catoblepas_cave, layout_long_grid,
          minmay_slime_entry_pillars, infiniplex_staircase_pool
Shoals:1: layout_shoals, nicolae_shoals_square_sea_wall
Shoals:2: layout_shoals, nicolae_shop_self_help

Notes
Turn   | Place    | Note
-------+----------+-------------------------------------------
     0 | D:1      | esteth the Spriggan Hunter began the quest for the Orb.
     0 | D:1      | Reached XP level 1. HP: 10/10 MP: 2/2
     0 | D:1      | magus.rc [v1.11.3]
    35 | D:1      | Reached skill level 5 in Bows
   131 | D:1      | Reached XP level 2. HP: 14/14 MP: 3/3
   446 | D:1      | You pick up a book of Blood and begin reading...
   446 | D:1      | You add the spells Sublimation of Blood, Wereblood and
                  | Summon Hydra to your library.
   551 | D:1      | Found a faded altar of an unknown god.
   552 | D:1      | Noticed an eye of devastation
   554 | D:1      | Noticed an eye of devastation
   554 | D:1      | Noticed an eye of devastation
   554 | D:1      | Noticed an eye of devastation
   567 | D:1      | Reached skill level 6 in Bows
   607 | D:1      | Reached XP level 3. HP: 17/18 MP: 4/4
  1215 | D:2      | Found an opulent altar of Gozag.
  1237 | D:2      | Became a worshipper of Gozag Ym Sagoz the Greedy
  1596 | D:3      | Noticed Robin
  1812 | D:2      | Reached XP level 4. HP: 12/22 MP: 5/5
  1829 | D:2      | Killed Robin
  1978 | D:3      | Reached skill level 7 in Bows
  2611 | D:3      | Reached XP level 5. HP: 17/25 MP: 6/6
  2837 | D:3      | Reached skill level 8 in Bows
  3123 | D:3      | You pick up a book of Changes and begin reading...
  3123 | D:3      | You add the spells Beastly Appendage and Spider Form to
                  | your library.
  3295 | D:4      | Noticed a necrophage
  3309 | D:3      | Killed a necrophage
  3310 | D:3      | Reached skill level 9 in Bows
  3310 | D:3      | Reached XP level 6. HP: 26/30 MP: 7/7
  3597 | D:4      | Reached skill level 10 in Bows
  3597 | D:4      | Reached XP level 7. HP: 33/33 MP: 8/8
  3657 | D:4      | You pick up a book of Vapours and begin reading...
  3657 | D:4      | You add the spells Poisonous Vapours and Corpse Rot to your
                  | library.
  4070 | D:5      | Entered Level 5 of the Dungeon
  4373 | D:5      | Found a staircase to the Ecumenical Temple.
  4389 | D:5      | Reached skill level 11 in Bows
  4955 | D:6      | Noticed Menkaure
  4964 | D:6      | Killed Menkaure
  4965 | D:6      | Reached skill level 12 in Bows
  4965 | D:6      | Reached XP level 8. HP: 37/37 MP: 9/9
  5033 | D:6      | You pick up a book of Dreams and begin reading...
  5033 | D:6      | You add the spells Ensorcelled Hibernation and Anguish to
                  | your library.
  5202 | D:6      | Reached skill level 13 in Bows
  5252 | D:6      | HP: 7/37 [centaur/arrow (10)]
  5269 | D:6      | HP: 5/37 [centaur/arrow (3)]
  5964 | D:6      | Identified the +7 war axe of a Labyrinth {drain, Drain
                  | rPois rF+++ Stlth+}
  6433 | D:6      | Reached skill level 14 in Bows
  6797 | D:7      | Found Teree's Magic Scroll Shop.
  6803 | D:7      | Bought a scroll of enchant weapon for 90 gold pieces
  6803 | D:7      | Bought a scroll of blinking for 90 gold pieces
  6803 | D:7      | Bought a scroll of blinking for 90 gold pieces
  6840 | D:7      | Reached XP level 9. HP: 34/41 MP: 10/10
  7102 | D:7      | Found Lihiuhunei's Weapon Shop.
  7209 | D:7      | Found Fanaisau's Magic Scroll Shoppe.
  7225 | D:7      | Reached skill level 15 in Bows
  7274 | D:7      | Found a runed translucent gate.
  7274 | D:7      | Found a runed translucent gate.
  7274 | D:7      | Found a runed translucent gate.
  7276 | D:7      | Noticed stickyfingers's ghost (novice DEAr)
  7451 | D:7      | Found Ihapanuim's Assorted Antiques.
  7612 | D:7      | Killed stickyfingers's ghost
  7613 | D:7      | Reached skill level 16 in Bows
  7613 | D:7      | Reached skill level 3 in Dodging
  7639 | D:7      | Reached skill level 4 in Dodging
  7640 | D:7      | HP: 6/41 [asphyx]
  7645 | D:7      | HP: 8/41 [kobold brigand/+0 dagger (7)]
  7993 | D:7      | Reached skill level 5 in Dodging
  8058 | D:7      | Reached skill level 6 in Dodging
  8318 | D:8      | Noticed Psyche
  8325 | D:8      | Killed Psyche
  8326 | D:8      | Reached skill level 7 in Dodging
  8361 | D:8      | Found a runed translucent gate.
  8361 | D:8      | Found a runed translucent gate.
  8362 | D:8      | Found a runed translucent gate.
  8362 | D:8      | Found an opulent altar of Gozag.
  8363 | D:8      | Noticed a two-headed ogre
  8364 | D:8      | Noticed navier's ghost (novice GrEE)
  8444 | D:8      | Noticed Harold
  8478 | D:8      | Killed Harold
  8479 | D:8      | Reached skill level 9 in Dodging
  8479 | D:8      | Reached XP level 10. HP: 37/46 MP: 11/11
  8755 | D:8      | Found a staircase to the Lair.
  8829 | D:8      | Noticed Grum
  8840 | D:8      | Reached skill level 10 in Dodging
  8843 | D:8      | Killed Grum
  8940 | D:8      | Noticed a two-headed ogre
  8973 | D:8      | Killed a two-headed ogre
  8974 | D:8      | Reached skill level 11 in Dodging
  9082 | D:8      | Reached skill level 12 in Dodging
  9096 | D:8      | Noticed a two-headed ogre
  9112 | D:8      | Killed a two-headed ogre
  9113 | D:8      | Reached skill level 13 in Dodging
  9209 | D:8      | Noticed a two-headed ogre
  9223 | D:8      | Killed a two-headed ogre
  9224 | D:8      | Reached skill level 14 in Dodging
  9224 | D:8      | Reached XP level 11. HP: 49/49 MP: 12/12
  9236 | D:8      | Reached skill level 2 in Fighting
  9244 | D:8      | Noticed a deep elf pyromancer
  9427 | D:8      | Reached skill level 3 in Fighting
  9537 | D:8      | Killed a deep elf pyromancer
  9587 | D:8      | You pick up a book of the Hunter and begin reading...
  9587 | D:8      | You add the spells Call Canine Familiar, Portal Projectile
                  | and Leda's Liquefaction to your library.
  9592 | D:8      | Learned a level 3 spell: Portal Projectile
  9606 | D:8      | You pick up a book of Blood and begin reading...
  9780 | D:8      | Reached skill level 1 in Translocations
  9854 | D:8      | Killed navier's ghost
  9855 | D:8      | Reached skill level 2 in Hexes
  9855 | D:8      | Reached skill level 2 in Translocations
  9871 | D:8      | Killed a two-headed ogre
  9872 | D:8      | Reached skill level 3 in Translocations
 10464 | D:9      | Reached skill level 3 in Hexes
 10543 | D:9      | Reached skill level 4 in Fighting
 10670 | D:9      | Reached skill level 4 in Translocations
 10781 | D:9      | You add the spells Freeze, Simulacrum and Statue Form to
                  | your library.
 10781 | D:9      | Got the Almanac of Earth and the Glacier
 11190 | D:9      | Found an ancient bone altar of Kikubaaqudgha.
 11312 | D:10     | Entered Level 10 of the Dungeon
 11347 | D:10     | Reached skill level 4 in Hexes
 11372 | D:10     | Reached skill level 5 in Translocations
 11383 | D:10     | Found Ciwol's Jewellery Shop.
 11426 | D:10     | Found Qumom's Weapon Shoppe.
 11456 | D:10     | Found a staircase to the Orcish Mines.
 11456 | D:10     | Found Urom's Armour Shoppe.
 11468 | D:10     | Bought a +1 cloak of willpower for 198 gold pieces
 11476 | D:10     | Found Ybyorheemm's Antique Armour Shoppe.
 11519 | D:10     | Noticed a two-headed ogre
 11532 | D:10     | Killed a two-headed ogre
 11533 | D:10     | Reached skill level 5 in Hexes
 11533 | D:10     | Reached skill level 6 in Translocations
 11776 | D:10     | Found Hamujen's Distillery.
 11779 | D:10     | Bought a potion of heal wounds for 60 gold pieces
 11779 | D:10     | Bought a potion of heal wounds for 60 gold pieces
 11779 | D:10     | Bought a potion of mutation for 96 gold pieces
 11944 | D:11     | Reached skill level 7 in Translocations
 12095 | D:11     | Reached skill level 6 in Hexes
 12101 | D:11     | Noticed Josephine
 12111 | D:11     | Killed Josephine
 12184 | D:11     | Reached skill level 8 in Translocations
 12232 | D:11     | Noticed a two-headed ogre
 12241 | D:11     | Killed a two-headed ogre
 12242 | D:11     | Reached skill level 5 in Fighting
 12242 | D:11     | Reached skill level 7 in Hexes
 12242 | D:11     | Reached XP level 12. HP: 60/60 MP: 13/13
 12285 | D:11     | Noticed a two-headed ogre
 12298 | D:11     | Killed a two-headed ogre
 12314 | D:11     | Noticed Sonja
 12318 | D:11     | Killed Sonja
 12729 | D:11     | Reached skill level 6 in Fighting
 12955 | D:12     | Noticed a centaur warrior
 12983 | D:12     | Killed a centaur warrior
 13016 | D:12     | Noticed a two-headed ogre
 13049 | D:12     | Killed a two-headed ogre
 13050 | D:12     | Reached skill level 17 in Bows
 13382 | D:12     | Found an iron altar of Okawaru.
 13396 | D:12     | Reached skill level 7 in Fighting
 13708 | D:12     | Identified the +6 falchion "Daimiu Voxt" {freeze, rF+ rN+
                  | rCorr}
 14202 | D:13     | Found a gate leading to a gauntlet.
 14529 | D:13     | Noticed a centaur warrior
 14530 | D:13     | Noticed a vault guard
 14533 | D:13     | Reached skill level 8 in Fighting
 14536 | D:13     | Noticed a vault guard
 14801 | D:13     | Noticed a two-headed ogre
 14805 | D:13     | Killed a two-headed ogre
 14806 | D:13     | Reached skill level 18 in Bows
 14806 | D:13     | Reached XP level 13. HP: 68/68 MP: 14/14
 14825 | D:13     | Found a gate to the Vaults.
 15601 | D:14     | You add the spells Summon Forest and Eringya's Noxious Bog
                  | to your library.
 15652 | D:14     | HP: 1/70 [centaur warrior/arrow (25)]
 15797 | D:14     | You pick up a book of the Senses and begin reading...
 15797 | D:14     | You add the spells Dazzling Flash, Agony and Silence to
                  | your library.
 15901 | D:14     | Reached skill level 9 in Fighting
 15947 | D:14     | You pick up a book of Debilitation and begin reading...
 15947 | D:14     | You add the spells Slow, Vampiric Draining and Confusing
                  | Touch to your library.
 16013 | D:14     | Found a glowing golden altar of the Shining One.
 16173 | D:15     | Entered Level 15 of the Dungeon
 16853 | D:15     | HP: 13/70 [orc knight/bolt (24)]
 16881 | D:15     | HP: 9/70 [meliai simulacrum (8)]
 16881 | D:15     | HP: 2/70 [meliai simulacrum (7)]
 16941 | D:15     | Reached skill level 19 in Bows
 17759 | D:15     | Reached skill level 10 in Fighting
 18310 | D:15     | HP: 15/72 [boulder beetle (57)]
 18660 | D:15     | HP: 8/72 [tengu warrior/bolt (22)]
 18918 | D:15     | Reached XP level 14. HP: 66/77 MP: 15/15
 19301 | D:15     | HP: 15/77 [yaktaur captain/bolt (30)]
 19622 | D:15     | Reached skill level 20 in Bows
 19917 | D:15     | Found a staircase to the Depths.
 19917 | D:15     | Noticed a stone giant
 19949 | D:15     | Killed a stone giant
 20162 | Lair:1   | Entered Level 1 of the Lair of Beasts
 20254 | Lair:1   | Reached skill level 11 in Fighting
 21343 | Lair:2   | You pick up a book of Scorching and begin reading...
 21343 | Lair:2   | You add the spells Scorch, Flame Wave and Summon Cactus
                  | Giant to your library.
 21773 | Lair:2   | Found an ornate altar of the Wu Jian Council.
 22402 | Lair:3   | Reached skill level 21 in Bows
 22614 | Lair:3   | Reached skill level 12 in Fighting
 23439 | Lair:4   | Noticed Nessos
 23450 | Lair:4   | Killed Nessos
 23452 | Lair:4   | Reached XP level 15. HP: 84/84 MP: 16/16
 23475 | Lair:4   | Found a staircase to the Shoals.
 23529 | Lair:4   | Reached skill level 15 in Dodging
 23642 | Lair:4   | You pick up a book of Minor Magic and begin reading...
 23642 | Lair:4   | You add the spells Magic Dart, Call Imp and Mephitic Cloud
                  | to your library.
 23694 | Lair:4   | You fall into a shaft and drop 2 floors!
 23694 | Lair:6   | Entered Level 6 of the Lair of Beasts
 23771 | Lair:6   | Found a staircase to the Slime Pits.
 23856 | Lair:6   | Reached skill level 22 in Bows
 24339 | Lair:6   | Reached skill level 16 in Dodging
 25959 | Lair:4   | Found a hole to the Spider Nest.
 26230 | Lair:4   | Reached skill level 17 in Dodging
 26450 | Shoals:1 | Entered Level 1 of the Shoals
 26558 | Shoals:1 | Reached skill level 23 in Bows
 26708 | Shoals:1 | Identified the ring of Qenizain {rElec rPois rC- EV+4 Str+4
                  | Int+3}
 27021 | Shoals:1 | Reached skill level 18 in Dodging
 27021 | Shoals:1 | Reached XP level 16. HP: 84/88 MP: 17/17
 27629 | Shoals:1 | HP: 16/88 [poisoned by a sea snake]
 27959 | Shoals:2 | Shot with an arrow by a centaur warrior

Vanquished Creatures
  A stone giant (D:15)
  Nessos (Lair:4)
  A merfolk javelineer (Shoals:1)
  Josephine (D:11)
  A merfolk impaler (Shoals:1)
  A yaktaur captain (D:15)
  Harold (D:8)
  5 catoblepae
  13 hydras
  3 merfolk avatars (Shoals:1)
  2 boulder beetles
  3 vault guards (D:13)
  7 centaur warriors
  9 two-headed ogres
  10 death yaks
  5 tengu warriors
  Sonja (D:11)
  The ghost of stickyfingers the Nimble, a novice DEAr of Hepliaklqana (D:7)
  8 sea snakes
  The ghost of navier the Geomancer, a novice GrEE of Vehumet (D:8)
  6 harpies
  2 deep elf pyromancers
  2 orc knights (D:15)
  A wolf spider (D:15)
  11 fauns (Shoals:1)
  10 manticores
  7 ugly things
  14 slime creatures
  8 elephants
  7 cyclopes
  3 merfolk sirens (Shoals:1)
  A water nymph (Shoals:1)
  3 torpor snails
  8 black mambas
  13 cane toads
  16 komodo dragons
  2 unseen horrors (D:12)
  7 rime drakes
  Psyche (D:8)
  2 polar bears
  5 merfolk (Shoals:1)
  4 trolls
  A hornet (D:14)
  22 blink frogs
  A wind drake (Shoals:1)
  A snapping turtle (Shoals:1)
  2 dream sheep (Shoals:1)
  A shadow (D:13)
  5 wraiths
  17 wyverns
  9 basilisks
  A vampire (D:12)
  49 yaks
  Grum (D:8)
  A steam dragon (D:9)
  10 vampire mosquitoes
  Menkaure (D:6)
  A warg (D:15)
  5 acid dragons
  14 water moccasins
  A meliai simulacrum (D:15)
  3 ice beasts
  2 sky beasts
  8 orc warriors
  2 black bears
  4 boggarts (D:15)
  5 ogres
  2 necrophages
  13 wolves
  16 centaurs
  12 kobold brigands
  2 wyvern zombies
  20 bullfrogs
  2 gnoll sergeants
  A scorpion (Lair:4)
  A killer bee (D:8)
  7 howler monkeys
  15 wights
  An electric eel (Lair:2)
  A bullfrog zombie (D:6)
  7 centaur zombies
  2 hounds (D:4)
  A centaur skeleton (D:5)
  A jelly (Lair:6)
  4 orc priests
  3 gnoll shamans
  2 iguanas
  12 hell rats
  3 orc wizards
  3 killer bee zombies
  A howler monkey zombie (D:8)
  Robin (D:2)
  12 gnolls
  3 adders
  2 shadow imps (D:8)
  A white imp (D:7)
  An adder skeleton (D:4)
  2 worms
  2 dart slugs
  26 orcs
  9 bats
  10 endoplasms
  2 giant cockroaches
  54 goblins
  25 hobgoblins
  3 jackals (D:2)
  10 ball pythons
  7 frilled lizards
  19 kobolds
  A quokka skeleton (D:2)
  8 rats
705 creatures vanquished.

Vanquished Creatures (others)
  A merfolk (Shoals:2)
  19 fungi
  47 plants
67 creatures vanquished.

Grand Total: 772 creatures vanquished

Table legend:
 A = Non-vault XP
 B = Vault XP
 C = Vault XP percentage of total XP
 D = Non-vault monster count
 E = Vault monster count
 F = Vault count percentage of total count
                 A         B        C        D         E       F
            +---------+---------+-------+---------+---------+-------
      Total |  110335 |   55481 |  33.5 |     469 |     237 |  33.6
            +---------+---------+-------+---------+---------+-------
        D:1 |      45 |       0 |   0.0 |      28 |       0 |   0.0
        D:2 |      46 |      18 |  28.1 |      27 |       4 |  12.9
        D:3 |     149 |     165 |  52.5 |      11 |      67 |  85.9
        D:4 |     527 |       0 |   0.0 |      18 |       0 |   0.0
        D:5 |     408 |       0 |   0.0 |       5 |       0 |   0.0
        D:6 |     965 |     172 |  15.1 |      19 |       1 |   5.0
        D:7 |     862 |    1543 |  64.2 |      25 |       9 |  26.5
        D:8 |     689 |    8909 |  92.8 |      16 |      39 |  70.9
        D:9 |     986 |       0 |   0.0 |      14 |       0 |   0.0
       D:10 |    2564 |     798 |  23.7 |      17 |       9 |  34.6
       D:11 |    5603 |    2320 |  29.3 |      18 |       5 |  21.7
       D:12 |    6155 |       0 |   0.0 |      19 |       0 |   0.0
       D:13 |    4958 |    6159 |  55.4 |      20 |      10 |  33.3
       D:14 |    2501 |       0 |   0.0 |       7 |       0 |   0.0
       D:15 |    7242 |   15729 |  68.5 |      22 |      36 |  62.1
     Lair:1 |    7063 |     764 |   9.8 |      25 |       2 |   7.4
     Lair:2 |    4407 |     994 |  18.4 |      15 |       4 |  21.1
     Lair:3 |   13266 |    5541 |  29.5 |      43 |      15 |  25.9
     Lair:4 |    7970 |    1675 |  17.4 |      23 |       7 |  23.3
     Lair:5 |    6600 |     178 |   2.6 |      20 |       2 |   9.1
     Lair:6 |    7352 |   10516 |  58.9 |      24 |      27 |  52.9
   Shoals:1 |   27783 |       0 |   0.0 |      49 |       0 |   0.0
   Shoals:2 |    2194 |       0 |   0.0 |       4 |       0 |   0.0
            +---------+---------+-------+---------+---------+-------

Illustrated notes

Table legend:
 A = Kills in this place as a percentage of kills in entire the game.
 B = Kills by you in this place as a percentage of kills by you in the entire game.
 C = Kills by friends in this place as a percentage of kills by friends in the entire game.
 D = Other kills in this place as a percentage of other kills in the entire game.
 E = Experience gained in this place as a percentage of experience gained in the entire game.
 F = Experience gained in this place divided by the number of levels of this place that you have seen.
                   A       B       C       D       E      F
               +-------+-------+-------+-------+-------+----------------------
         Total | 100.0 | 100.0 |   N/A | 100.0 | 100.0 | 7209.4
       Dungeon |  63.2 |  63.3 |   N/A |   0.0 |  41.9 | 4634.2
          Lair |  29.3 |  29.4 |   N/A |   0.0 |  40.0 | 11054.3
        Shoals |   7.5 |   7.4 |   N/A | 100.0 |  18.1 | 14988.5
               +-------+-------+-------+-------+-------+----------------------

Table legend: (Time is in decaauts)
 A = Elapsed time spent in this place.
 B = Non-inter-level travel time spent in this place.
 C = Inter-level travel time spent in this place.
 D = Time resting spent in this place.
 E = Time spent auto-exploring this place.
 F = Levels seen in this place.
 G = Mean time per level.
                   A        B        C        D        E       F      G
               +--------+--------+--------+--------+--------+-----+--------+
         Total |  20565 |  20064 |    501 |   1966 |  13796 |  23 |  894.1 |
       Dungeon |  15003 |  14575 |    428 |   1760 |   9702 |  15 | 1000.2 |
          Lair |   4289 |   4228 |     61 |    105 |   3239 |   6 |  714.8 |
        Shoals |   1272 |   1261 |     11 |    100 |    855 |   2 |  636.0 |
               +--------+--------+--------+--------+--------+-----+--------+

Top non-repeatable levels by time:
    D:15: 3175 daAuts
     D:8: 1469 daAuts
Shoals:1: 1250 daAuts
    D:13: 1240 daAuts
     D:7: 1228 daAuts
     D:3: 1048 daAuts
     D:5: 1022 daAuts
  Lair:6: 920 daAuts
     D:6: 861 daAuts
  Lair:3: 844 daAuts
     D:2: 817 daAuts
  Lair:2: 781 daAuts
    D:12: 706 daAuts
     D:9: 705 daAuts
    D:11: 698 daAuts
